 Dungeon Crawl Stone Soup version 0.31-a0-691-g409c26aa35 (webtiles) character file.

Game seed: 7855625175796762794

182 CowFu the Ruffian (level 5, 0/36 HPs)
             Began as a Draconian Shapeshifter on Sept 6, 2023.
             Was a Priest of Hepliaklqana.
             Shot with an arrow by a centaur (8 damage)
             ... on level 6 of the Dungeon.
             The game lasted 00:02:22 (2357 turns).

CowFu the Ruffian (Draconian Shapeshifter)          Turns: 2357, Time: 00:02:23

Health: 0/36       AC:  5    Str: 16    XL:     5   Next: 34%
Magic:  14/14      EV: 10    Int: 11    God:    Hepliaklqana [***...]
Gold:   231        SH:  8    Dex: 12    Spells: 4/4 levels left

rFire   . .          .
                       - Unarmed
rCold   . . .        s - +1 kite shield
rNeg    . . .        (body armour unavailable)
rPois   .            (helmet currently unavailable)
rElec   .            (cloak currently unavailable)
rCorr   .            (gloves currently unavailable)
SInv    .            (boots currently unavailable)
Will    .....        (no amulet)
Stlth   +            d - ring of magical power
HPRegen 0.26/turn    g - +4 ring of slaying
MPRegen 0.14/turn

%: no passive effects
@: beast-form
A: beast (slay +2), reduced essence, AC +5, unfitting armour, cold-blooded
a: Begin Untransformation, Renounce Religion, Recall Ancestor, Ancestor
Identity, Transference


You were on level 6 of the Dungeon.
You worshipped Hepliaklqana.
Hepliaklqana was most pleased with you.
You were a hulking beast.
You visited 1 branch of the dungeon, and saw 6 of its levels.

You collected 231 gold pieces.

Inventory:

Missiles
 t - a throwing net
Armour
 s - a +1 kite shield (worn)
Jewellery
 d - a ring of magical power (left hand)
 g - a +4 ring of slaying (right hand)
 n - a ring of protection from fire
Talismans
 b - a beast talisman (active)
 c - a flux talisman
Scrolls
 e - 5 scrolls of identify {unknown}
 m - a scroll of immolation {unknown}
 p - a scroll of fear {unknown}
 q - a scroll of acquirement {unknown}
 r - a scroll of fog {unknown}
Potions
 a - 2 potions of lignification
 h - a potion of heal wounds {unknown}
 i - a potion of curing {unknown}
 j - a potion of degeneration {unknown}
 k - 2 potions of brilliance {unknown}
 l - a potion of mutation {unknown}
 o - a potion of might {unknown}
 u - a potion of resistance {unknown}


   Skills:
 - Level 1.1 Fighting
 - Level 1.8 Dodging
 + Level 4.8 Unarmed Combat
 + Level 4.5 Shapeshifting


You had 4 spell levels left.
You didn't know any spells.
Your spell library contained the following spells:

 Spells                   Type           Power      Damage    Failure   Level
 Shock                    Conj/Air       0%         1d3       77%         1
 Slow                     Hex            0%         N/A       77%         1
 Cigotuvi's Dreadful Rot  Necr/Pois/Air  0%         N/A       88%         2
 Confusing Touch          Hex            0%         N/A       98%         3
 Hailstorm                Conj/Ice       0%         3d3       98%         3
 Ignite Poison            Fire/Tmut/Pois 0%         N/A       98%         3
 Swiftness                Air            0%         N/A       98%         3
 Vampiric Draining        Necr           0%         2d6       98%         3
 Airstrike                Air            0%         2d(0-16)  100%        4
 Summon Ice Beast         Ice/Summ       0%         N/A       100%        4
 Freezing Cloud           Conj/Ice/Air   0%         6-21      100%        5
 Simulacrum               Ice/Necr       0%         N/A       100%        6


Dungeon Overview and Level Annotations

Branches:
Dungeon (6/15)
 Temple: D:4-7

Altars:
Hepliaklqana

Annotations:
D:3 2 runed translucent doors, justen's ghost, amateur MfSh
D:4 Grinder
D:5 Pikel


Innate Abilities, Weirdness & Mutations

You are a hulking beast.
Your limbs bulge with bestial killing power. (Slay +2)
Your life essence is reduced to manifest your ancestor. (-10% HP)
Your plain brown scales are hard. (AC +5)
You cannot fit into any form of body armour.
You are cold-blooded and may be slowed by cold attacks.


Message History

Pikel, Merchant of Souls comes into view.
He is wielding a +0 whip of freezing.
A lemure comes into view.
You hit the hound but do no damage.
Your tail-slap misses the hound.
You block the hound's attack. The hound bites you but does no damage.
You closely miss the hound. The hound bites you.
You barely miss the hound.
Your tail-slap misses the hound.
The hound bites you but does no damage. The hound bites you.
The hound bites you but does no damage.
There is a stone staircase leading up here.
The hound attacks as it pursues you! You block the hound's attack.
The hound bites you. The hound attacks as it pursues you! The hound bites you.
You block the hound's attack. The hound attacks as it pursues you!
The hound bites you. The hound attacks as it pursues you!
The hound closely misses you. The hound bites you but does no damage.
Found an escape hatch in the floor.
The hound bites you but does no damage. The hound attacks as it pursues you!
You block the hound's attack.
There is an escape hatch in the floor here.
You are too injured to fight recklessly!
You are too injured to fight recklessly!
You hit the hound.
You tail-slap the hound, but do no damage.
The hound is lightly wounded.
The hound bites you.
* * * LOW HITPOINT WARNING * * *
The hound bites you.
* * * LOW HITPOINT WARNING * * *
The hound bites you but does no damage.
You slide downwards.
The hatch slams shut behind you.
The shadow imp shouts!
The orc wizard shouts!
The orc shouts!
The black bear growls angrily.
The centaur shouts!
The orc shouts!
The orc wizard shouts!
Found five items.
As you read the scroll labelled YNWEAR SUSOTOC, it crumbles to dust.
It is a scroll of enchant armour.
Your +0 kite shield glows green for a moment.
The hound closely misses you.
The centaur wields a +0 orcbow.
The centaur shoots an arrow.
The arrow hits you!
You die...

.......#####..
#.........#...
#.............
#.............
#).......S...
#............
#.?..h.......
#.oo.h.......
#..c.........
#.o.o..........
...............
$..............
.....5.....!...
..s.......h....
)..............


You could see a water moccasin (wandering), a black bear, a centaur, a scorpion
(wandering), a hound, 2 orc wizards, a shadow imp and 2 orcs.

Vanquished Creatures
  An orc priest (D:4)
  A jelly (D:4)
  2 worms (D:3)
  5 dart slugs
  3 orcs (D:4)
  5 ball pythons
  4 bats
  11 endoplasms
  9 goblins
  3 hobgoblins
  2 quokkas
  4 kobolds
  A spectral hobgoblin (D:1)
51 creatures vanquished.

Vanquished Creatures (collateral kills)
  An orc priest (D:4)
  An adder (D:3)
  An orc (D:4)
  2 endoplasms
  A goblin (D:1)
  A hobgoblin (D:2)
7 creatures vanquished.

Vanquished Creatures (others)
  A hexer (D:4)
  An ancestor (D:1)
2 creatures vanquished.

Grand Total: 60 creatures vanquished

Notes
Turn   | Place    | Note
-------+----------+-------------------------------------------
     0 | D:1      | CowFu the Draconian Shapeshifter began the quest for the
                  | Orb.
     0 | D:1      | Reached XP level 1. HP: 16/16 MP: 1/1
   150 | D:1      | Found a faded altar of an unknown god.
   159 | D:1      | Reached XP level 2. HP: 23/23 MP: 2/2
   164 | D:1      | Prayed at the altar of an unknown god.
   164 | D:1      | Became a worshipper of Hepliaklqana the Forgotten
   164 | D:1      | Reached * piety under Hepliaklqana
   556 | D:1      | Reached XP level 3. HP: 25/25 MP: 3/3
   905 | D:2      | Reached ** piety under Hepliaklqana
   906 | D:2      | Remembered your ancestor Senakhtenre as a hexer
  1812 | D:3      | Reached XP level 4. HP: 31/31 MP: 4/4
  1860 | D:3      | Found a runed translucent door.
  1861 | D:3      | Noticed a bullfrog
  1910 | D:3      | Reached *** piety under Hepliaklqana
  2061 | D:3      | Found a runed translucent door.
  2064 | D:3      | Noticed justen's ghost (amateur MfSh)
  2236 | D:4      | Reached XP level 5. HP: 22/36 MP: 5/5
  2320 | D:4      | Noticed Grinder
  2320 | D:4      | Paralysed by Grinder for 3 turns
  2337 | D:5      | Entered Level 5 of the Dungeon
  2337 | D:5      | Noticed a lemure
  2337 | D:5      | Noticed a lemure
  2337 | D:5      | Noticed a lemure
  2338 | D:5      | Noticed Pikel
  2338 | D:5      | Noticed a lemure
  2356 | D:6      | Noticed a water moccasin
  2356 | D:6      | Noticed a black bear
  2356 | D:6      | Noticed a centaur
  2357 | D:6      | Shot with an arrow by a centaur

Illustrated notes

Levels and vault maps discovered:
D:1:      dpeg_arrival_ternary, layout_rooms,
          dreamdust_ecumenical_altar_drowned_temple
D:2:      layout_basic
D:3:      layout_rooms, ebering_ghost_sewer_f, st_stairs_5
D:4:      layout_loops_ring, uniq_grinder, uniq_ijyb
D:5:      layout_basic, uniq_pikel, uniq_crazy_yiuf_cottage, uniq_sigmund,
          uniq_edmund
D:6:      layout_cave_pods, minmay_misc_feat_doors

Skill      XL: |  1  2  3  4 |
---------------+-------------+-----
Unarmed Combat | 4 |  4.8
Shapeshifting  | 4 |  4.5
Fighting       | |  1.1
Dodging        | |  1.8

Action                     |  1- 3 |  4- 6 || total
---------------------------+-------+-------++-------
  Melee: Unarmed           |    89 |    23 ||   112
         Tailslap          |     9 |     3 ||    12
         Punch             |     3 |       ||     3
 Invoke: Ancestor Life: He |     1 |       ||     1
    Use: Scroll            |       |     1 ||     1
 Armour: Skin              |    50 |    20 ||    70
  Dodge: Dodged            |    57 |    11 ||    68
  Block: Kite shield       |       |     9 ||     9

Table legend: (Time is in decaauts)
 A = Elapsed time spent in this place.
 B = Non-inter-level travel time spent in this place.
 C = Inter-level travel time spent in this place.
 D = Time resting spent in this place.
 E = Time spent auto-exploring this place.
 F = Levels seen in this place.
 G = Mean time per level.
                   A        B        C        D        E       F      G
               +--------+--------+--------+--------+--------+-----+--------+
         Total |   2366 |   2307 |     59 |      0 |   1911 |   6 |  394.3 |
       Dungeon |   2366 |   2307 |     59 |      0 |   1911 |   6 |  394.3 |
               +--------+--------+--------+--------+--------+-----+--------+

Top non-repeatable levels by time:
     D:2: 920 daAuts
     D:1: 751 daAuts
     D:3: 560 daAuts
     D:4: 114 daAuts
     D:5: 19 daAuts
     D:6: 0 daAuts
